 Dungeon Crawl Stone Soup version 0.16.2-12-gd0ad4c3 (webtiles) character file.

1617 Peloso the Blocker (level 8, -14/71 HPs)
             Began as a Minotaur Fighter on Oct 10, 2015.
             Was an Initiate of Okawaru.
             Demolished by a hill giant
             ... wielding a +0 giant spiked club
              (17 damage)
             ... on level 5 of the Dungeon.
             The game lasted 00:16:22 (5667 turns).

Peloso the Blocker (Minotaur Fighter)               Turns: 5667, Time: 00:16:22

Health: -14/71     AC: 12    Str: 22    XL:     8   Next: 64%
Magic:  3/3        EV:  8    Int:  5    God:    Okawaru [......]
Gold:   385        SH: 11    Dex: 11    Spells: 0 memorised, 7 levels left

rFire  . . .     SeeInvis .     a - +0 long sword
rCold  . . .     Clarity  .     n - +0 chain mail
rNeg   . . .     SustAb   .     c - +0 shield
rPois  .         Gourm    .     (helmet restricted)
rElec  .         Spirit   .     G - +0 cloak
rCorr  .         Warding  .     (no gloves)
rMut   .         Stasis   .     p - +0 pair of boots
MR     .....                    (no amulet)
Stlth  ..........               (no ring)
                                (no ring)

@: not resistant to hostile enchantments, extremely unstealthy
A: retaliatory headbutt, horns 2
a: Renounce Religion


You were on level 5 of the Dungeon.
You worshipped Okawaru.
Okawaru was noncommittal.
You were near starving.

You visited 2 branches of the dungeon, and saw 7 of its levels.
You also visited: Sewer.

You collected 385 gold pieces.

Inventory:

Hand weapons
 a - a +0 long sword (weapon)
 i - a cursed -2 whip
Armour
 c - a +0 shield (worn)
 j - a +2 cloak
 n - a +0 chain mail (worn)
 p - a +0 pair of boots (worn)
 G - a +0 cloak (worn)
Magical devices
 s - a wand of digging (8)
 w - a wand of draining (6)
 B - a wand of teleportation (4)
Scrolls
 b - a scroll of recharging {unknown}
 g - a scroll of remove curse {unknown}
 h - a scroll of amnesia {unknown}
 l - 2 scrolls of blinking {unknown}
 u - a scroll of noise {unknown}
 v - a scroll of random uselessness {unknown}
 y - 4 scrolls of identify {unknown}
 C - a scroll of teleportation {unknown}
 E - a scroll of fog {unknown}
Potions
 e - 3 potions of might
 k - a potion of haste {unknown}
 m - a potion of magic {unknown}
 o - 5 potions of curing
 q - a potion of mutation {unknown}
 r - 2 potions of brilliance {unknown}
 z - 5 potions of flight {unknown}
 A - 2 potions of cancellation {unknown}
 F - a potion of restore abilities {unknown}
Books
 D - a book of Dreams

   Spells                             Type                      Level
   a - Ensorcelled Hibernation        Hexes/Ice                    2
   b - Flight                         Charms/Air                   3
   c - Phase Shift                    Translocation                5
   d - Shadow Creatures               Summoning                    5
   e - Mass Confusion                 Hexes                        6
   f - Darkness                       Hexes                        7
Comestibles
 d - 6 bread rations
 f - 2 beef jerkies
 t - 8 fruits
 x - 6 chunks of flesh
 H - 2 meat rations


   Skills:
 + Level 6.4 Fighting
 + Level 6.4 Long Blades
 + Level 6.3 Armour
 + Level 4.7 Dodging
 + Level 0.3 Stealth
 + Level 8.0 Shields


You had 7 spell levels left.
You didn't know any spells.

Dungeon Overview and Level Annotations

Branches:
Dungeon (6/15)             Temple (1/1) D:5

Altars:
Ashenzari
Cheibriados
Dithmenos
Elyvilon
Fedhas
Gozag
Kikubaaqudgha
Makhleb
Nemelex Xobeh
Okawaru
Qazlal
Ru
Sif Muna
Trog
Vehumet
Xom
Yredelemnul
Zin
The Shining One

Shops:
D:5 *

Annotations:
D:6 Prince Ribbit


Innate Abilities, Weirdness & Mutations

You reflexively headbutt those who attack you in melee.
You have a pair of horns on your head.


Message History

Your Shields skill increases to level 8!
The hill giant hits you with a giant spiked club!!
* * * LOW HITPOINT WARNING * * *
You hit the hill giant.
The hill giant is heavily wounded.
The hill giant hits you with a giant spiked club!
* * * LOW HITPOINT WARNING * * *
Unknown command.
You hit the hill giant but do no damage.
You headbutt the hill giant, but do no damage.
The hill giant is heavily wounded.
Unknown command.
You slash the hill giant!
The hill giant is severely wounded.
The hill giant misses you.
Unknown command.
Your shield and chain mail prevent you from hitting the hill giant.
The hill giant is severely wounded.
The hill giant hits you with a giant spiked club!
You die...

#.# ###.............
####.# #.......######
######....## #.......#
#......#...# #.......#
#.##.#...#.#########..####
###.##.#####............#
...#...# #..#########.#
..###..# #..#########.#
.## ##.#####....@C......#
..###..[......###########
...#.#.........#
..#.......#..#.#
....##.#..#..#.#
...........))#.#
.............#.#
......)...##...#
...###...###.###


You could see a hill giant.

Vanquished Creatures
  Purgy (D:4)
  3 ogres
  6 big kobolds
  A centaur (D:5)
  Blork the orc (D:4)
  A scorpion (D:4)
  A jelly (D:5)
  3 orc priests (D:4)
  2 giant frog skeletons
  4 worker ants
  3 orc wizards
  Robin (D:4)
  2 gnolls
  13 adders
  6 worms
  A giant mite (D:5)
  An adder skeleton (D:4)
  3 giant geckos
  2 oozes (Sewer)
  14 orcs
  2 ball pythons (Sewer)
  6 giant cockroaches
  15 hobgoblins
  8 jackals
  55 kobolds
  9 bats
  A giant cockroach zombie (D:4)
  2 giant newts
  14 goblins
  3 quokkas
  18 rats
  A ballistomycete (D:3)
203 creatures vanquished.

Vanquished Creatures (others)
  A giant spore (D:3)
  A ballistomycete (D:3)
2 creatures vanquished.

Grand Total: 205 creatures vanquished

Notes
Turn   | Place    | Note
--------------------------------------------------------------
     0 | D:1      | Peloso, the Minotaur Fighter, began the quest for the Orb.
     0 | D:1      | Reached XP level 1. HP: 19/19 MP: 1/1
    44 | D:1      | Reached skill level 4 in Shields
    44 | D:1      | Reached XP level 2. HP: 16/27 MP: 1/1
   876 | D:2      | Reached XP level 3. HP: 28/33 MP: 2/2
  1228 | D:2      | Reached skill level 1 in Dodging
  1363 | D:2      | Reached XP level 4. HP: 35/40 MP: 2/2
  1605 | D:3      | Found a stormy altar of Qazlal.
  2110 | D:3      | Found a shattered altar of Ashenzari.
  2112 | D:3      | Found a deep blue altar of Sif Muna.
  2344 | D:3      | Reached XP level 5. HP: 45/47 MP: 2/2
  2548 | D:3      | Noticed a big kobold
  2563 | D:3      | Killed a big kobold
  2563 | D:3      | Reached skill level 5 in Shields
  2587 | D:3      | Noticed a big kobold
  2605 | D:3      | Killed a big kobold
  2605 | D:3      | Reached XP level 6. HP: 45/55 MP: 3/3
  2661 | D:3      | Noticed a big kobold
  2661 | D:3      | Noticed a big kobold
  2673 | D:3      | Killed a big kobold
  2673 | D:3      | Reached skill level 5 in Fighting
  2673 | D:3      | Reached skill level 5 in Armour
  2686 | D:3      | Killed a big kobold
  3017 | D:4      | Found a glowing drain.
  3025 | D:4      | Reached XP level 7. HP: 46/61 MP: 3/3
  3128 | Sewer    | Entered a sewer
  3312 | Sewer    | Reached skill level 6 in Shields
  3576 | D:4      | Noticed Robin
  3582 | D:4      | Noticed Blork the orc
  3600 | D:4      | Killed Blork the orc
  3600 | D:4      | Reached skill level 5 in Long Blades
  3602 | D:4      | Found a white marble altar of Elyvilon.
  3645 | D:4      | Found a blossoming altar of Fedhas.
  3645 | D:4      | Found a bloodstained altar of Trog.
  4318 | D:4      | Reached XP level 8. HP: 10/70 MP: 3/3
  4330 | D:4      | HP: 1/70 [Robin/spear (5)]
  4335 | D:4      | Killed Robin
  4335 | D:4      | Reached skill level 7 in Shields
  4593 | D:4      | Noticed Purgy
  4603 | D:4      | Killed Purgy
  4612 | D:4      | Found a radiant altar of Vehumet.
  4942 | D:5      | Entered Level 5 of the Dungeon
  5239 | D:5      | Found Ajemoah's General Store.
  5419 | D:5      | Found a staircase to the Ecumenical Temple.
  5425 | Temple   | Entered the Ecumenical Temple
  5461 | Temple   | Became a worshipper of Warmaster Okawaru
  5642 | D:6      | Noticed Prince Ribbit
  5643 | D:6      | Noticed a hill giant
  5663 | D:5      | Reached skill level 8 in Shields
  5664 | D:5      | HP: 3/71 [hill giant/giant spiked club (8)]
  5667 | D:5      | Demolished by a hill giant

Action                   |  1- 3 |  4- 6 |  7- 9 || total
-------------------------+-------+-------+-------++-------
Melee: Long sword        |    84 |   191 |   364 ||   639
  Use: Potion            |       |       |     1 ||     1
  Eat: Chunk             |       |     5 |     7 ||    12
       Fruit             |       |     2 |     1 ||     3
